 Dungeon Crawl Stone Soup version 0.19.1-1-g22dce08 (webtiles) character file.

18 sveltemanboy the Caller (level 2, 0/16 HPs)
             Began as a Tengu Summoner on Jan 7, 2017.
             Succumbed to a kobold's poison
             ... on level 1 of the Dungeon.
             The game lasted 00:03:00 (1007 turns).

sveltemanboy the Caller (Tengu Summoner)            Turns: 1007, Time: 00:03:00

Health: 0/16       AC:  2    Str: 10 (12) XL:     2   Next: 66%
Magic:  2/6        EV: 12    Int: 12 (15) God:
Gold:   25         SH:  0    Dex: 13 (14) Spells: 2 memorised, 2 levels left

rFire  . . .     SeeInvis .     (no weapon)
rCold  . . .     Gourm    .     a - +0 robe
rNeg   . . .     Faith    .     (no shield)
rPois  .         Spirit   .     (helmet restricted)
rElec  .         Reflect  .     (no cloak)
rCorr  .         Harm     .     (no gloves)
MR     .....                    (boots unavailable)
Stlth  ++........               (no amulet)
                                (no ring)
                                h - +4 ring of strength

@: lethally poisoned (0 -> -9)
A: beak, talons 3
a: no special abilities


You were on level 1 of the Dungeon.
You were not hungry.

You visited 1 branch of the dungeon, and saw 1 of its levels.

You collected 25 gold pieces.

Inventory:

Armour
 a - a +0 robe (worn)
Jewellery
 h - a +4 ring of strength (left hand)
Scrolls
 e - a scroll of identify {unknown}
 f - a scroll of random uselessness {unknown}
Books
 b - a book of Callings

   Spells                             Type                      Level
   a - Summon Small Mammal            Summoning                    1
   b - Call Imp                       Summoning                    2
   c - Call Canine Familiar           Summoning                    3
   d - Summon Guardian Golem          Hexes/Summoning              3
   e - Summon Lightning Spire         Summoning/Air                4
   f - Summon Ice Beast               Ice/Summoning                4
Comestibles
 c - a bread ration
 d - a chunk of flesh


   Skills:
 + Level 1.2 Fighting
 - Level 2.1 Dodging
 - Level 2.0 Stealth
 - Level 2.0 Spellcasting
 * Level 5.3 Summonings


You had 2 spell levels left.
You knew the following spells:

 Your Spells              Type           Power        Failure   Level  Hunger
a - Summon Small Mammal   Summ           ##..         3%          1    ##.....
b - Call Imp              Summ           ##......     6%          2    ###....


Dungeon Overview and Level Annotations

Branches:
Dungeon (1/15)

Altars:


Innate Abilities, Weirdness & Mutations

You have a beak for a mouth.
You have claws for feet.


Message History

Your white imp hits the kobold but does no damage.
* * * LOW HITPOINT WARNING * * *
You feel sick.
Your bat barely misses the kobold.
Your rat barely misses the kobold.
Your white imp hits the kobold.
The kobold dies!
You see here a leather armour.
There is a lethal amount of poison in your body!
It was a potion of degeneration.
There was something very wrong with that liquid.
You feel weakened.
You feel dopey.
You feel clumsy.
* * * LOW HITPOINT WARNING * * *
You feel sick.
* * * LOW HITPOINT WARNING * * *
You feel sick.
* * * LOW HITPOINT WARNING * * *
You feel sick.
There is a lethal amount of poison in your body!
You swap places.
You swap places.
You die...

##...........##.#
##..........###.#
.............##.#
###..........##(# #
#>............#
#.........###(##
#.....(...###..###### #
#.........#.........# #
##.......##.br@..)..#
#####.....###...5.....#
.....####......########
..........######
.....###### .....#
.....# .....# .....#


You could see a friendly white imp, a friendly bat and a friendly rat.

Vanquished Creatures
  A dart slug (D:1)
  2 goblins (D:1)
  2 jackals (D:1)
  A frilled lizard (D:1)
  A rat (D:1)
7 creatures vanquished.

Vanquished Creatures (collateral kills)
  A bat (D:1)
  3 goblins (D:1)
  2 hobgoblins (D:1)
  2 jackals (D:1)
  A frilled lizard (D:1)
  2 kobolds (D:1)
11 creatures vanquished.

Grand Total: 18 creatures vanquished

Notes
Turn   | Place    | Note
-------+----------+-------------------------------------------
     0 | D:1      | sveltemanboy the Tengu Summoner began the quest for the Orb.
     0 | D:1      | Reached XP level 1. HP: 10/10 MP: 4/4
    91 | D:1      | Reached skill level 5 in Summonings
   431 | D:1      | Reached XP level 2. HP: 16/16 MP: 1/6
   441 | D:1      | Reached skill level 1 in Fighting
   728 | D:1      | Learned a level 2 spell: Call Imp
  1007 | D:1      | Succumbed to a kobold's poison

Skill      XL: |  1  2 |
---------------+-------+-----
Summonings     | 5 |  5.3
Fighting       | 1 |  1.2
Dodging        | |  2.1
Stealth        | |  2.0
Spellcasting   | |  2.0

Action                   || total
-------------------------++-------
Melee: Unarmed           ||    30
       Kick              ||    11
       Peck              ||     7
 Cast: Summon Small Mamm ||    29
       Call Imp          ||     1
  Use: Potion            ||     2
  Eat: Chunk             ||     1
Armor: Robe              ||    10
Dodge: Dodged            ||    31
